 Dungeon Crawl Stone Soup version 0.30.1-3-gfc49f6343a (webtiles) character file.

Game seed: 5639360985037091850

112 Ethylacetat the Firebug (level 4, -2/27 HPs)
             Began as an Octopode Fire Elementalist on July 29, 2023.
             Slain by a goblin
             ... wielding a +0 club
              (4 damage)
             ... on level 3 of the Dungeon.
             The game lasted 00:06:04 (1638 turns).

Ethylacetat the Firebug (OpFE)                      Turns: 1638, Time: 00:06:04

Health: -2/27      AC:  1    Str:  7    XL:     4   Next: 95%
Magic:  8/8        EV: 13    Int: 19    God:
Gold:   132        SH:  0    Dex: 12    Spells: 8/9 levels left

rFire   . . .        g - +4 mace
rCold   . . .        (no shield)
rNeg    . . .        (helmet restricted)
rPois   .            (no amulet)
rElec   .            (no ring)
rCorr   .            (no ring)
SInv    .            (no ring)
Will    .....        (no ring)
Stlth   +++          (no ring)
HPRegen 0.24/turn    (no ring)
MPRegen 0.11/turn    (no ring)
                     (no ring)

%: no passive effects
@: no status effects
A: almost no armour, amphibious, 8 rings, camouflage 1, gelatinous body 1,
(nimble swimmer 1), tentacles
a: no special abilities


You were on level 3 of the Dungeon.
You visited 1 branch of the dungeon, and saw 3 of its levels.

You collected 132 gold pieces.

Inventory:

Hand Weapons
 g - a +4 mace (weapon)
Scrolls
 b - a scroll of enchant armour {unknown}
 c - 2 scrolls of enchant weapon {unknown}
 d - 4 scrolls of identify {unknown}
 e - a scroll of poison {unknown}
 j - 2 scrolls of fog {unknown}
Potions
 a - a potion of magic
 f - a potion of flight {unknown}
 h - 2 potions of curing {unknown}
 i - 2 potions of degeneration {unknown}
 k - a potion of berserk rage {unknown}


   Skills:
 - Level 2.1 Dodging
 - Level 3.0 Stealth
 + Level 3.0 Spellcasting
 + Level 2.5 Conjurations
 + Level 3.9 Fire Magic


You had 8 spell levels left.
You knew the following spells:

 Your Spells              Type           Power      Damage    Failure   Level
a - Foxfire               Conj/Fire      60%        2x1d7     4%          1

Your spell library contained the following spells:

 Spells                   Type           Power      Damage    Failure   Level
 Scorch                   Fire           34%        2d6       4%          2
 Apportation              Tloc           4%         N/A       16%         1
 Inner Flame              Hex/Fire       10%        N/A       21%         3
 Volatile Blastmotes      Fire/Tloc      20%        2d11      21%         3
 Flame Wave               Conj/Fire      15%        2d7       38%         4
 Summon Guardian Golem    Hex/Summ       2%         N/A       41%         3
 Fireball                 Conj/Fire      7%         3d5       75%         5
 Alistair's Intoxication  Tmut/Pois      1%         N/A       99%         5
 Starburst                Conj/Fire      7%         6d4       99%         6
 Plasma Beam              Fire/Air       5%         2x1d17    100%        6
 Orb of Destruction       Conj           6%         9d6       100%        7
 Spellforged Servitor     Conj/Summ      3%         N/A       100%        7


Dungeon Overview and Level Annotations

Branches:
Dungeon (3/15)

Altars:


Innate Abilities, Weirdness & Mutations

You cannot wear most types of armour.
You are amphibious.
You can wear up to eight rings at the same time.
Your skin changes colour to match your surroundings (Stealth+).
Your rubbery body absorbs attacks. (AC +1, EV +1)
((You are camouflaged when in or above water. (Stealth+)))
You have tentacles for arms and can constrict up to eight enemies at once.


Message History

Casting: Foxfire (safe; 4% risk of failure)
Confirm with . or Enter, or press ? or * to list all spells.
You conjure some foxfire!
The goblin shoots a sling bullet.
The sling bullet hits you.
The foxfire hits the goblin.
The goblin is moderately wounded.
The foxfire hits the goblin.
The goblin is heavily wounded.
The goblin closely misses you.
You completely miss the goblin. You grab the goblin.
You squeeze the goblin, but do no damage.
The goblin is heavily wounded.
You constrict the goblin. The goblin closely misses you.
The goblin unwields a +0 sling.
The goblin wields a +0 dagger.
The goblin hits you with a +0 dagger.
You hit the goblin.
The goblin is almost dead.
You constrict the goblin.
You kill the goblin!
The goblin hits you with a +0 dagger.
* * * LOW HITPOINT WARNING * * *
You closely miss the goblin. Your grab misses the goblin.
The goblin misses you.
You completely miss the goblin. Your grab misses the goblin.
The goblin barely misses you. The goblin hits you with a +0 dagger.
* * * LOW HITPOINT WARNING * * *
You hit the goblin. Your grab misses the goblin.
The goblin is moderately wounded.
The goblin hits you with a +0 dagger.
* * * LOW HITPOINT WARNING * * *
You sock the goblin!
You kill the goblin!
d - 4 scrolls labelled TOAWOMI NUBEO (gained 1)
You see here a +0 dagger.
The goblin shouts!
Found a ruby ring and a pair of boots.
The goblin hits you with a +0 club.
* * * LOW HITPOINT WARNING * * *
The goblin attacks as you move away! The goblin hits you with a +0 club.
You die...

# .# ..# #.###
###..#[# ####...##.##
#########....###@..###
.##.......)......g...#
....#####..))###(..###
.#### ####...##.##
.###### ###..#=#
......# ##.### .####.#
..# .# #.# #.# .# #.#
.#


You could see a goblin.

Vanquished Creatures
  6 adders
  2 worms (D:2)
  4 dart slugs
  5 ball pythons
  An endoplasm (D:2)
  4 giant cockroaches
  5 goblins
  5 hobgoblins
  A kobold (D:2)
  A quokka (D:1)
  6 bats
  2 frilled lizards (D:2)
  3 rats
45 creatures vanquished.

Vanquished Creatures (others)
  2 foxfires (D:3)
2 creatures vanquished.

Grand Total: 47 creatures vanquished

Notes
Turn   | Place    | Note
-------+----------+-------------------------------------------
     0 | D:1      | Ethylacetat the Octopode Fire Elementalist began the quest
                  | for the Orb.
     0 | D:1      | Reached XP level 1. HP: 11/11 MP: 3/3
   105 | D:1      | Reached XP level 2. HP: 17/17 MP: 5/5
   694 | D:2      | Reached XP level 3. HP: 21/21 MP: 6/6
   962 | D:2      | Found a faded altar of an unknown god.
  1078 | D:2      | Reached XP level 4. HP: 27/27 MP: 6/8
  1638 | D:3      | Slain by a goblin

Illustrated notes

Levels and vault maps discovered:
D:1:      minmay_arrival_five_plusses, layout_loops_ring
D:2:      layout_basic, dreamdust_ecumenical_altar_hidden_monk_grotto,
          minmay_misc_feat_plants
D:3:      minmay_general_purpose_star, layout_loops_corners, grunt_ministairs_7,
          uniq_jessica

Skill      XL: |  1  2  3  4 |
---------------+-------------+-----
Stealth        | 3 |  3.0
Conjurations   | 2 |  2.5
Spellcasting   | 3 |  3.0
Dodging        | |  2.1
Fire Magic     | |  3.9

Action                     |  1- 3 |  4- 6 || total
---------------------------+-------+-------++-------
  Melee: Unarmed           |    13 |       ||    13
         Constrict         |    14 |    12 ||    26
         Tentacles         |    11 |     7 ||    18
         Punch             |     1 |       ||     1
         Mace              |    50 |    39 ||    89
   Cast: Foxfire           |       |     1 ||     1
   Stab: Sleeping          |     9 |     2 ||    11
 Armour: Skin              |     6 |     6 ||    12
  Dodge: Dodged            |    43 |    26 ||    69
